 Dungeon Crawl Stone Soup version 0.18-a0-1800-gdc7a371 (webtiles) character file.

1502 M4edhros the Martial Artist (level 8, -2/46 HPs)
             Began as an Octopode Necromancer on Apr 24, 2016.
             Was a Priest of Cheibriados.
             Slain by an ice beast (19 damage)
             ... on level 8 of the Dungeon.
             The game lasted 00:19:29 (3240 turns).

M4edhros the Martial Artist (Octopode Necromancer)  Turns: 3240, Time: 00:19:29

Health: -2/46      AC:  1    Str: 14    XL:     8   Next: 82%
Magic:  7/11       EV: 13    Int: 23    God:    Cheibriados [***...]
Gold:   371        SH:  2    Dex: 20    Spells: 3 memorised, 6 levels left

rFire  + . .     SeeInvis .     a - book of Necromancy
rCold  x . .     Gourm    .     (no shield)
rNeg   . . .     Faith    .     (helmet restricted)
rPois  .         Spirit   .     k - +2 amulet of reflection
rElec  .         Dismiss  .     d - ring of fire
rCorr  +         Reflect  +     w - ring of resist corrosion
SustAt .         Harm     .     (no ring)
MR     .....                    (no ring)
Stlth  ++++......               (no ring)
                                (no ring)
                                (no ring)
                                (no ring)

@: regenerating, very slow, not resistant to hostile enchantments, stealthy
A: almost no armour, amphibious, 8 rings, constrict 8, camouflage 1, gelatinous
body 1
a: Bend Time, Temporal Distortion, Renounce Religion


You were on level 8 of the Dungeon.
You worshipped Cheibriados.
Cheibriados was most pleased with you.
You were not hungry.

You visited 2 branches of the dungeon, and saw 9 of its levels.

You collected 371 gold pieces.

Inventory:

Hand Weapons
 n - a +0 arbalest
Missiles
 c - 28 sling bullets
 q - 2 throwing nets (quivered)
 t - 13 stones
 v - 36 bolts
Armour
 s - a +0 buckler
Jewellery
 d - a ring of fire (left tentacle)
 g - the ring "Atauh" {rN+ Str+4 Int-3 Stlth-}
   (You found it on level 5 of the Dungeon)

   [ring of loudness]

   It affects your strength (+4).
   It affects your intelligence (-3).
   It protects you from negative energy.
   It makes you less stealthy.
 k - a +2 amulet of reflection (around mantle)
 w - a ring of resist corrosion (right tentacle)
Scrolls
 e - 2 scrolls of identify
 h - a scroll of magic mapping
 i - 2 scrolls of remove curse
 m - a scroll of holy word
 y - a scroll of amnesia
Potions
 l - a potion of haste
 o - a potion of heal wounds
 p - a potion of cure mutation
 r - a potion of brilliance
 z - a potion of flight
Books
 a - a book of Necromancy (in tentacle)

   Spells                             Type                      Level
   a - Pain                           Necromancy                   1
   b - Animate Skeleton               Necromancy                   1
   c - Vampiric Draining              Necromancy                   3
   d - Regeneration                   Charms/Necromancy            3
   e - Animate Dead                   Necromancy                   4
   f - Control Undead                 Necromancy                   4
Comestibles
 b - 4 bread rations
 f - 2 slices of pizza
 j - 5 beef jerkies
 u - a meat ration
 x - 7 chunks of flesh


   Skills:
 - Level 2.0 Dodging
 - Level 2.6 Stealth
 + Level 4.6 Shields
 + Level 9.4 Unarmed Combat
 - Level 2.0 Spellcasting
 - Level 4.0 Necromancy


You had 6 spell levels left.
You knew the following spells:

 Your Spells              Type           Power        Failure   Level  Hunger
a - Pain                  Necr           ###.         2%          1    #......
b - Regeneration          Chrm/Necr      ##........   17%         3    ###....
c - Animate Skeleton      Necr           N/A          2%          1    #......


Dungeon Overview and Level Annotations

Branches:
Dungeon (8/15)             Temple (1/1) D:4
   Lair: D:8-11

Altars:
Ashenzari
Cheibriados
Dithmenos
Fedhas
Gozag
Makhleb
Nemelex Xobeh
Okawaru
Qazlal
Ru
Xom
The Shining One

Annotations:
D:7 M4edhros's ghost, novice OpNe


Innate Abilities, Weirdness & Mutations

You cannot wear most types of armour.
You are amphibious.
You can wear up to eight rings at the same time.
You can use your tentacles to constrict eight enemies at once.
Your skin changes colour to match your surroundings (Stealth).
Your rubbery body absorbs attacks (AC +1).


Message History

The dead are walking!
You see here 3 chunks of flesh.
Casting: Animate Skeleton
Confirm with . or Enter, or press ? or * to list all spells.
Your skin crawls.
You block the ice beast's attack.
You closely miss the ice beast.
Your tentacle-slap misses the ice beast.
You squeeze the ice beast.
The ice beast is moderately wounded.
The ice beast hits you. The ice beast freezes you!
You feel a terrible chill!
You clumsily bash the ice beast but do no damage.
You tentacle-slap the ice beast.
The ice beast is moderately wounded.
Your howler monkey skeleton barely misses the ice beast.
Your howler monkey skeleton bites the ice beast.
The ice beast hits you. The ice beast freezes you!
You feel a terrible chill!
Your howler monkey skeleton hits the ice beast.
Your howler monkey skeleton barely misses the ice beast.
The ice beast hits you. The ice beast freezes you!!
You feel a terrible chill!
You die...

#.# #.#
########<#
.........###
#####.....#
#.........###
(>..###.........
#. #.>.......
#@Y........
#o.....Z.#.#.#.##
.#.###.##.......
#. ###.#. #. .#
#. F #. ##


You could see an ice beast, an orc and a friendly howler monkey skeleton.

Vanquished Creatures
  An orc warrior (D:6)
  A black bear (D:7)
  2 ogres
  A phantom (D:6)
  6 scorpions
  2 howler monkeys
  A crimson imp (D:6)
  A giant frog zombie (D:6)
  2 hounds
  3 jellies (D:6)
  4 orc wizards
  An orc priest (D:7)
  Terence (D:3)
  An iguana (D:7)
  A worker ant (D:6)
  A hound zombie (D:6)
  A hound skeleton (D:6)
  7 adders
  7 gnolls
  3 howler monkey skeletons
  A shadow imp (D:6)
  2 oozes
  An adder skeleton (D:5)
  An adder zombie (D:5)
  4 dart slugs
  A giant gecko (D:1)
  5 orcs
  A ball python (D:1)
  2 giant cockroaches
  3 goblins
  5 hobgoblins
  9 jackals
  5 kobolds
  2 quokkas
  4 bats
  4 giant newts
  7 rats
104 creatures vanquished.

Vanquished Creatures (collateral kills)
  A scorpion (D:7)
  An orc wizard (D:6)
  An ooze (D:3)
  A giant gecko (D:3)
  A quokka (D:3)
5 creatures vanquished.

Grand Total: 109 creatures vanquished

Notes
Turn   | Place    | Note
--------------------------------------------------------------
     0 | D:1      | M4edhros the Octopode Necromancer began the quest for the Orb.
     0 | D:1      | Reached XP level 1. HP: 11/11 MP: 3/3
    51 | D:1      | Reached skill level 1 in Unarmed Combat
    61 | D:1      | Reached XP level 2. HP: 7/17 MP: 3/5
   106 | D:2      | Reached skill level 2 in Unarmed Combat
   189 | D:2      | Reached XP level 3. HP: 2/21 MP: 2/6
   194 | D:2      | Learned a level 3 spell: Regeneration
   355 | D:1      | Reached skill level 3 in Unarmed Combat
   598 | D:3      | Noticed an ogre
   619 | D:2      | Reached XP level 4. HP: 26/27 MP: 2/7
   717 | D:4      | Found a staircase to the Ecumenical Temple.
   731 | Temple   | Entered the Ecumenical Temple
   817 | D:4      | Found a burning altar of Makhleb.
   820 | D:4      | Found a stormy altar of Qazlal.
   832 | D:4      | Reached skill level 4 in Unarmed Combat
   840 | D:4      | Found a snail-covered altar of Cheibriados.
   844 | D:4      | Became a worshipper of Cheibriados the Contemplative
   880 | D:4      | Learned a level 1 spell: Animate Skeleton
   888 | D:4      | Reached XP level 5. HP: 10/31 MP: 1/8
   904 | D:5      | Entered Level 5 of the Dungeon
   915 | D:5      | Reached skill level 5 in Unarmed Combat
  1105 | D:3      | Noticed Terence
  1112 | D:3      | Killed Terence
  1205 | D:3      | Killed an ogre
  1205 | D:3      | Reached skill level 6 in Unarmed Combat
  1205 | D:3      | Reached XP level 6. HP: 15/36 MP: 1/9
  1319 | D:4      | Reached * piety under Cheibriados
  1445 | D:4      | You fall through a shaft for 3 floors!
  1463 | D:7      | Noticed M4edhros's ghost (novice OpNe)
  1466 | D:7      | Reached XP level 7. HP: 31/41 MP: 5/10
  1485 | D:7      | Reached skill level 7 in Unarmed Combat
  1873 | D:4      | Reached skill level 8 in Unarmed Combat
  2307 | D:5      | Got a glittering granite ring
  2308 | D:5      | Identified the ring "Atauh" {rN+ Str+4 Int-3 Stlth-} (You found it on level 5 of the Dungeon)
  2435 | D:5      | Reached skill level 1 in Shields
  2442 | D:5      | Reached ** piety under Cheibriados
  2528 | D:6      | Reached XP level 8. HP: 35/46 MP: 11/11
  2721 | D:6      | Reached skill level 9 in Unarmed Combat
  2971 | D:7      | Found an iron altar of Okawaru.
  3235 | D:8      | Reached *** piety under Cheibriados
  3240 | D:8      | Slain by an ice beast

Vault maps used:
D:1:      dpeg_arrival_rooms_c
D:2:      first_bread
D:3:      minmay_misc_feat_more_columns, uniq_crazy_yiuf_cottage, uniq_terence
D:4:      grunt_temple_overflow_cloverleaf, serial_shops,
          nicolae_shop_behind_doors, serial_curves, eino_curves_04,
          eino_curves_01, eino_curves_01, minmay_liquid_box,
          hangedman_decor_riveting
D:5:      grunt_temple_overflow_magic_moments
D:6:      minmay_holes
D:7:      basic_altar, grunt_livestock
D:8:      grunt_temple_overflow_bloody_war, gammafunk_temple_overflow_pools,
          nicolae_ru_great_annihilating_truth
Temple:   circular_temple_pool_8

Skill      XL: |  1  2  3  4  5  6  7  8 |
---------------+-------------------------+-----
Unarmed Combat | 1 2 3 4 6 8 9 |  9.4
Shields        | 1 4 |  4.6
Dodging        | |  2.0
Stealth        | |  2.6
Spellcasting   | |  2.0
Necromancy     | |  4.0

Action                   |  1- 3 |  4- 6 |  7- 9 || total
-------------------------+-------+-------+-------++-------
Melee: Unarmed           |    12 |    67 |   134 ||   213
       Constrict         |     4 |    15 |    33 ||    52
       Tentacles         |     2 |    16 |    36 ||    54
       Punch             |       |     2 |    14 ||    16
 Fire: Arbalest          |       |       |     6 ||     6
 Cast: Pain              |    45 |    35 |     3 ||    83
       Regeneration      |     3 |    10 |    34 ||    47
       Animate Skeleton  |       |     8 |    14 ||    22
Invok: Bend Time         |       |       |     1 ||     1
  Use: Potion            |     1 |     1 |     1 ||     3
       Scroll            |       |     2 |     6 ||     8
 Stab: Sleeping          |     2 |     1 |     7 ||    10
  Eat: Chunk             |       |     5 |     7 ||    12
       Royal jelly       |       |       |     1 ||     1
Armor: Skin              |     3 |     1 |    13 ||    17
Dodge: Dodged            |    10 |    35 |    84 ||   129
Block: Other             |       |     4 |     8 ||    12
       Buckler           |       |       |     1 ||     1
